 Dungeon Crawl Stone Soup version 0.29.1-1-gd02db6906a (webtiles) character file.

Game seed: 1763898873341517650

358 corgi the Ducker (level 6, -5/48 HPs)
             Began as a Merfolk Gladiator on Oct 14, 2022.
             Slain by Grinder (9 damage)
             ... on level 5 of the Dungeon.
             The game lasted 00:06:37 (4358 turns).

corgi the Ducker (Merfolk Gladiator)                Turns: 4358, Time: 00:06:38

Health: -5/48      AC:  4    Str: 14    XL:     6   Next: 64%
Magic:  6/6        EV: 16    Int:  8    God:
Gold:   257        SH:  0    Dex: 23    Spells: 5/5 levels left

rFire   . . .      SeeInvis .   a - +0 long sword
rCold   . . .      Faith    .   (no shield)
rNeg    . . .      Spirit   .   b - +0 leather armour
rPois   .          Reflect  .   c - +0 helmet
rElec   .          Harm     .   (no cloak)
rCorr   .          Rampage  .   (no gloves)
Will    .....                   (no boots)
Stlth   +++.......              (no amulet)
HPRegen 0.16/turn               g - +6 ring of dexterity
MPRegen 0.10/turn               (no ring)

@: no status effects
A: (nimble swimmer 2), mertail
a: no special abilities


You were on level 5 of the Dungeon.
You visited 1 branch of the dungeon, and saw 5 of its levels.

You collected 257 gold pieces.

Inventory:

Hand Weapons
 a - a +0 long sword (weapon)
Missiles
 d - 3 throwing nets (quivered)
 e - a javelin
Armour
 b - a +0 leather armour (worn)
 c - a +0 helmet (worn)
Jewellery
 g - a +6 ring of dexterity (left hand)
Scrolls
 f - a scroll of noise {unknown}
 i - 3 scrolls of identify
 j - a scroll of magic mapping {unknown}
 n - 3 scrolls of torment {unknown}
 p - 2 scrolls of poison {unknown}
 s - 2 scrolls of vulnerability {unknown}
 u - a scroll of blinking
Potions
 k - a potion of curing
 l - a potion of mutation {unknown}
 m - a potion of cancellation {unknown}
 o - a potion of flight {unknown}
 q - a potion of ambrosia {unknown}
 r - 2 potions of brilliance {unknown}
 t - 2 potions of might {unknown}


   Skills:
 + Level 4.1 Fighting
 + Level 5.3 Long Blades
 - Level 2.0 Throwing
 + Level 5.9 Dodging
 + Level 3.6 Stealth


You had 5 spell levels left.
You didn't know any spells.
Your spell library was empty.

Dungeon Overview and Level Annotations

Branches:
Dungeon (5/15)
 Temple: D:4-7

Altars:
Nemelex Xobeh
Uskayaw
Xom
The Shining One

Annotations:
D:5 Grinder


Innate Abilities, Weirdness & Mutations

((You are very nimble when in or above water. (Stealth+, EV+, Speed+++)))
Your lower body shifts to a powerful aquatic tail in water.


Message History

Grinder closely misses you.
You closely miss Grinder.
Grinder is heavily wounded.
Grinder gestures at you.
You suddenly lose the ability to move!
Grinder hits you!
You writhe in agony.
* * * LOW HITPOINT WARNING * * *
Grinder hits you.
* * * LOW HITPOINT WARNING * * *
You writhe in agony.
* * * LOW HITPOINT WARNING * * *
Grinder barely misses you.
You can move again.
Unknown command.
You feel better. Grinder gestures at you.
You shrug off the repeated paralysis!
You hit Grinder.
Grinder is severely wounded.
Grinder hits you!
* * * LOW HITPOINT WARNING * * *
You barely miss Grinder.
Grinder is severely wounded.
Grinder gestures at you.
You shrug off the repeated paralysis!
You hit Grinder.
Grinder is severely wounded.
Grinder gestures at you. You resist with significant effort.
You closely miss Grinder.
Grinder is severely wounded.
Grinder closely misses you.
You hit Grinder.
Grinder is almost dead.
Grinder gestures at you.
You barely resist. You hit Grinder but do no damage.
Grinder is almost dead.
Grinder hits you!
You die...

#........# #.# #.....+......
###......#
#.######...#.#.....^
#......####...................
#####.....#.######.#.#.####.#.
...........'.............. .#.
######.....#.######..........#
#.....#.######...........
#.....#..5)..............
#######..@####..........#
#######.##..............#
#.......##.........##
#.......##.....$...#
#.......###+##.....# #.......#
.###.# #.......# .# #
#......... .. #.######## ..


You could see Grinder.

Vanquished Creatures
  An ogre (D:5)
  A scorpion (D:5)
  2 hounds
  2 iguanas (D:5)
  3 adders
  2 shadow imps (D:5)
  An ufetubus (D:5)
  A worm (D:3)
  3 dart slugs
  3 orcs
  2 bats (D:2)
  6 endoplasms (D:1)
  2 giant cockroaches (D:4)
  7 hobgoblins
  4 kobolds
  4 quokkas
  2 ball pythons
  A frilled lizard (D:1)
  4 goblins
  4 rats
55 creatures vanquished.

Notes
Turn   | Place    | Note
-------+----------+-------------------------------------------
     0 | D:1      | corgi the Merfolk Gladiator began the quest for the Orb.
     0 | D:1      | Reached XP level 1. HP: 16/16 MP: 1/1
   311 | D:1      | Reached XP level 2. HP: 23/23 MP: 2/2
   658 | D:1      | Reached skill level 1 in Stealth
   829 | D:1      | Found a faded altar of an unknown god.
  1347 | D:2      | Reached XP level 3. HP: 23/28 MP: 3/3
  2380 | D:3      | Found a glowing golden altar of the Shining One.
  2494 | D:3      | Reached XP level 4. HP: 20/35 MP: 4/4
  3050 | D:4      | Found a sparkling altar of Nemelex Xobeh.
  3080 | D:4      | Identified the +1 dagger "Poyz" {antimagic, *Corrode Int+6
                  | SInv}
  3082 | D:4      | Noticed a +0 falchion
  3083 | D:4      | Noticed a +0 spear
  3083 | D:4      | Noticed a +0 dagger
  3087 | D:4      | Noticed a +0 short sword
  3091 | D:4      | Noticed a +0 falchion
  3092 | D:4      | Noticed a +0 dagger
  3093 | D:4      | Noticed a +0 short sword
  3094 | D:4      | Noticed a +0 spear
  3095 | D:4      | Found a hide-covered altar of Uskayaw.
  3161 | D:4      | Found a shimmering altar of Xom.
  3175 | D:5      | Entered Level 5 of the Dungeon
  3175 | D:5      | Noticed an ogre
  3183 | D:5      | Noticed Grinder
  3199 | D:5      | Reached skill level 5 in Dodging
  3199 | D:5      | Reached XP level 5. HP: 8/41 MP: 5/5
  3698 | D:5      | Killed an ogre
  3699 | D:5      | Reached skill level 5 in Long Blades
  3699 | D:5      | Reached XP level 6. HP: 20/48 MP: 6/6
  4348 | D:5      | Paralysed by Grinder for 4 turns
  4358 | D:5      | Slain by Grinder

Illustrated notes

Levels and vault maps discovered:
D:1:      lemuel_arrival_tunnels, layout_loops_ring,
          shapermc_ecumenical_altar_mp_urbaneastern
D:2:      layout_basic
D:3:      layout_loops_ring, lemuel_tele_altar
D:4:      layout_rooms, mainiacjoe_overflow_alcove_1, bloody_trog,
          mainiacjoe_overflow_catwalk, nicolae_uskayaw_en_pointe,
          kennysheep_mini
D:5:      layout_basic, mainiacjoe_overflow_alcove_4,
          nicolae_overflow_hidden_temple, mainiacjoe_overflow_alcove_2,
          uniq_grinder

Skill      XL: |  1  2  3  4  5  6 |
---------------+-------------------+-----
Stealth        | 1 2 3 |  3.6
Long Blades    | 4 5 |  5.3
Fighting       | 3 4 |  4.1
Dodging        | 5 |  5.9
Throwing       | |  2.0

Action                   |  1- 3 |  4- 6 || total
-------------------------+-------+-------++-------
Melee: Long sword        |    87 |    96 ||   183
       Punch             |       |     2 ||     2
  Use: Scroll            |       |     4 ||     4
       Potion            |       |     2 ||     2
 Stab: Sleeping          |     1 |     3 ||     4
Armor: Leather armour    |    21 |    12 ||    33
Dodge: Dodged            |    69 |    56 ||   125
